 Dungeon Crawl Stone Soup version 0.30-a0-4-ga7cffc901d (webtiles) character file.

Game seed: 12016712783235853861

23 SensoryNuts the Scratcher (level 2, -8/14 HPs)
             Began as a Felid Fighter on Aug 20, 2022.
             Mangled by a worm (11 damage)
             ... on level 2 of the Dungeon.
             The game lasted 00:00:43 (1205 turns).

SensoryNuts the Scratcher (Felid Fighter)           Turns: 1205, Time: 00:00:43

Health: -8/14      AC:  1    Str: 10 (12) XL:     2   Next: 72%
Magic:  3/3        EV: 18    Int:  7 (9)  God:
Gold:   27         SH:  0    Dex: 12 (15) Spells: 1/1 levels left
                                        Lives:  0   Deaths: 0

rFire   . . .      SeeInvis +      - Unarmed
rCold   . . .      Faith    .    (shield unavailable)
rNeg    . . .      Spirit   .    (body armour unavailable)
rPois   .          Reflect  .    (helmet unavailable)
rElec   .          Harm     .    (cloak unavailable)
rCorr   .          Rampage  .    (gloves unavailable)
Will    .....                    (boots unavailable)
Stlth   +.........               (no amulet)
HPRegen 0.04/turn                (no ring)
MPRegen 0.08/turn                (no ring)

@: quick
A: very small, claws 1, fangs 3, see invisible, speed 1, shaggy fur 1, stealthy
paws, no weapons or thrown items, no armour, multi-lived
a: no special abilities


You were on level 2 of the Dungeon.
You visited 1 branch of the dungeon, and saw 2 of its levels.

You collected 27 gold pieces.

Inventory:

Scrolls
 b - a scroll of fog {unknown}
 h - a scroll of blinking
Potions
 a - a potion of might
 c - a potion of heal wounds {unknown}


   Skills:
 + Level 3.1 Fighting
 + Level 4.4 Dodging
 + Level 4.5 Unarmed Combat


You had one spell level left.
You didn't know any spells.
Your spell library contained the following spells:

 Spells                   Type           Power      Damage    Failure   Level
 Confusing Touch          Hex            0%         N/A       80%         3
 Yara's Violent Unravell  Hex/Tmut       0%         3d3       100%        5
 Enfeeble                 Hex            0%         N/A       100%        7


Dungeon Overview and Level Annotations

Branches:
Dungeon (2/15)

Altars:

Shops:
D:2 :


Innate Abilities, Weirdness & Mutations

You have sharp claws.
You have razor-sharp teeth.
You have supernaturally acute eyesight. (SInv)
You cover ground quickly. (Speed+)
You are covered in fur. (AC +1)
Your paws help you pounce on unaware monsters.
You are incapable of wielding weapons or throwing items.
You cannot wear armour.
You gain extra lives every three experience levels.


Message History

The worm is moderately wounded.
You completely miss the worm.
The worm is moderately wounded.
The worm closely misses you.
You claw the worm!
The worm is severely wounded.
You scratch the worm but do no damage.
The worm is severely wounded.
The worm bites you.
* * * LOW HITPOINT WARNING * * *
You are too injured to fight recklessly!
You are too injured to fight recklessly!
You are too injured to fight recklessly!
You are too injured to fight recklessly!
You are too injured to fight recklessly!
You are too injured to fight recklessly!
You are too injured to fight recklessly!
You are too injured to fight recklessly!
You are too injured to fight recklessly!
You are too injured to fight recklessly!
You are too injured to fight recklessly!
You are too injured to fight recklessly!
You are too injured to fight recklessly!
You are too injured to fight recklessly!
You are too injured to fight recklessly!
You barely miss the worm.
The worm is severely wounded.
The worm misses you.
You scratch the worm.
The worm is severely wounded.
You scratch the worm.
The worm is severely wounded.
The worm misses you.
You scratch the worm.
The worm is almost dead.
You scratch the worm but do no damage.
The worm is almost dead.
The worm bites you!
Ouch! That really hurt!
You die...

#. .. ####.#.# .......
..... #<# .... #.# #..#
#.# #.w# #.#
.#####.@###### #.#
.............# #.#######
....##..####.###.#.....#
... #.†....†.....#.###.#
. #..#.###.###(..# #.#
.....#.# #.# #.#.###.#
....##.#.# #.# #.#.....#
.... #.#.. ..# #.###.###
#.# #.#.# ### #.# #.#


You could see a worm.

Vanquished Creatures
  An adder (D:2)
  A ball python (D:1)
  2 bats
  An endoplasm (D:2)
  A goblin (D:1)
  2 hobgoblins (D:2)
  A quokka (D:1)
  A frilled lizard (D:2)
  3 rats
13 creatures vanquished.

Notes
Turn   | Place    | Note
-------+----------+-------------------------------------------
     0 | D:1      | SensoryNuts the Felid Fighter began the quest for the Orb.
     0 | D:1      | Reached XP level 1. HP: 10/10 MP: 2/2
   301 | D:1      | Found a faded altar of an unknown god.
   880 | D:2      | Reached XP level 2. HP: 14/14 MP: 3/3
   882 | D:2      | Found Kiefytti's Vocational Training.
  1205 | D:2      | Mangled by a worm

Illustrated notes

Levels and vault maps discovered:
D:1:      nagdon_arrival_zigzag_paths, layout_rooms,
          shapermc_ecumenical_altar_notcrosses
D:2:      layout_loops_ring, nicolae_shop_vocational

Action                   || total
-------------------------++-------
Melee: Unarmed           ||    46
       Bite              ||     5
       Punch             ||     1
  Use: Scroll            ||     3
       Potion            ||     3
 Stab: Sleeping          ||     1
Dodge: Dodged            ||    36

Table legend: (Time is in decaauts)
 A = Elapsed time spent in this place.
 B = Non-inter-level travel time spent in this place.
 C = Inter-level travel time spent in this place.
 D = Time resting spent in this place.
 E = Time spent auto-exploring this place.
 F = Levels seen in this place.
 G = Mean time per level.
                   A        B        C        D        E       F      G
               +--------+--------+--------+--------+--------+-----+--------+
         Total |   1102 |   1074 |     28 |    242 |    725 |   2 |  551.0 |
       Dungeon |   1102 |   1074 |     28 |    242 |    725 |   2 |  551.0 |
               +--------+--------+--------+--------+--------+-----+--------+

Top non-repeatable levels by time:
     D:1: 767 daAuts
     D:2: 335 daAuts
